 Dungeon Crawl Stone Soup version 0.26.0-45-g9c1d065592 (webtiles) character file.

Game seed: 11296321844002857438

(classic levelgen) 25 thiole the Stinger (level 3, 0/21 HPs)
             Began as an Octopode Venom Mage on Jan 30, 2021.
             Slain by a hobgoblin (1 damage)
             ... on level 2 of the Dungeon.
             The game lasted 00:01:34 (994 turns).

thiole the Stinger (Octopode Venom Mage)             Turns: 994, Time: 00:01:35

Health: 0/21       AC:  1    Str:  7    XL:     3   Next: 6%
Magic:  0/6        EV: 13    Int: 18    God:
Gold:   21         SH:  0    Dex: 12    Spells: 5/6 levels left

rFire    . . .     SeeInvis .   (no weapon)
rCold    . . .     Faith    .   (no shield)
rNeg     . . .     Spirit   .   (helmet restricted)
rPois    .         Reflect  .   (no amulet)
rElec    .         Harm     .   (no ring)
rCorr    .         Rampage  .   (no ring)
Will     .....                  (no ring)
Stlth    +++.......             (no ring)
HPRegen  0.07/turn              (no ring)
MPRegen  0.10/turn              (no ring)
                                (no ring)
                                (no ring)

@: no status effects
A: almost no armour, stealthy swim, amphibious, 8 rings, constrict 8, camouflage
1, gelatinous body 1
a: no special abilities


You were on level 2 of the Dungeon.
You visited 1 branch of the dungeon, and saw 2 of its levels.

You collected 21 gold pieces.

Inventory:

Jewellery
 b - an uncursed ring of positive energy {unknown}
Scrolls
 a - a scroll of teleportation {unknown}


   Skills:
 - Level 2.0 Dodging
 - Level 2.6 Stealth
 + Level 2.3 Spellcasting
 + Level 1.6 Transmutations
 + Level 1.1 Fire Magic
 - Level 4.0 Poison Magic


You had 5 spell levels left.
You knew the following spells:

 Your Spells              Type           Power        Failure   Level
a - Sting                 Tmut/Pois      48%          5%          1

Your spell library contained the following spells:

 Spells                   Type           Power        Failure   Level
 Poisonous Vapours        Pois/Air       18%          12%         2
 Ignite Poison            Fire/Tmut/Pois 10%          21%         3
 Mephitic Cloud           Conj/Pois/Air  6%           30%         3
 Olgreb's Toxic Radiance  Pois           16%          34%         4


Dungeon Overview and Level Annotations

Branches:
Dungeon (2/15)

Altars:
Dithmenos
Ru


Innate Abilities, Weirdness & Mutations

You cannot wear most types of armour.
You are very stealthy in the water. (Stealth+)
You are amphibious.
You can wear up to eight rings at the same time.
You can use your tentacles to constrict eight enemies at once.
Your skin changes colour to match your surroundings (Stealth+).
Your rubbery body absorbs attacks. (AC +1, EV +1)


Message History

The kobold is moderately wounded.
You constrict the kobold. The hobgoblin closely misses you.
The kobold closely misses you.
You tentacle-slap the kobold but do no damage.
The kobold is heavily wounded.
You constrict the kobold. The hobgoblin misses you.
The kobold hits you with a +0 short sword.
* * * LOW HITPOINT WARNING * * *
You tentacle-slap the kobold but do no damage.
The kobold is severely wounded.
You constrict the kobold, but do no damage.
The hobgoblin closely misses you.
The kobold hits you with a +0 short sword.
* * * LOW HITPOINT WARNING * * *
You tentacle-slap the kobold but do no damage.
The kobold is severely wounded.
You constrict the kobold.
You kill the kobold!
The hobgoblin hits you.
You die...

...###### .......
.._......# .......
.........# .......
._.......# .......
.........# .......
.$.......# †......
##.......##†......
.>......g.$†.!....
.###..@).........
##......######
#..<........
#......#####
#......# #......#
.........
###########


You could see a hobgoblin (poisoned).

Vanquished Creatures
  2 giant cockroaches
  4 goblins (D:1)
  3 hobgoblins
  4 kobolds
  A quokka (D:2)
  7 bats
  3 rats (D:1)
24 creatures vanquished.

Vanquished Creatures (others)
  A bat (D:2)
1 creature vanquished.

Grand Total: 25 creatures vanquished

Notes
Turn   | Place    | Note
-------+----------+-------------------------------------------
     0 | D:1      | thiole the Octopode Venom Mage began the quest for the Orb.
     0 | D:1      | Reached XP level 1. HP: 11/11 MP: 3/3
   185 | D:1      | Reached skill level 4 in Poison Magic
   231 | D:1      | Reached XP level 2. HP: 17/17 MP: 1/5
   967 | D:2      | Found a sacrificial altar of Ru.
   969 | D:2      | Reached skill level 1 in Fire Magic
   976 | D:2      | Reached XP level 3. HP: 21/21 MP: 0/6
   976 | D:2      | Found a shadowy altar of Dithmenos.
   993 | D:2      | HP: 1/21 [kobold/+0 short sword (3)]
   994 | D:2      | Slain by a hobgoblin

Illustrated notes

Levels and vault maps discovered:
D:1:      dpeg_arrival_snail, layout_loops_ring, due_unseen_surprise
D:2:      layout_basic, nicolae_overflow_hidden_temple, elyvilon_altar_4,
          grunt_temple_overflow_open, chequers_ecumenical_altar_grove

Skill      XL: |  1  2 |
---------------+-------+-----
Poison Magic   | 4 |  4.0
Fire Magic     | 1 |  1.1
Dodging        | |  2.0
Stealth        | |  2.6
Spellcasting   | |  2.3
Transmutations | |  1.6

Action                   || total
-------------------------++-------
Melee: Unarmed           ||    29
       Constrict         ||    10
       Tentacles         ||     2
 Cast: Sting             ||    30
Armor: Skin              ||     3
Dodge: Dodged            ||    40
